 Dungeon Crawl Stone Soup version 0.23-b1-13-gf37ab262a9 (webtiles) character file.

Game seed: 6363648882128830070

1246 MelsaHvarei the Spear-Bearer (level 8, -1/64 HPs)
             Began as a Merfolk Abyssal Knight on Feb 3, 2019.
             Was a Priest of Lugonu.
             Hit by an exploding tomahawk thrown by an orc (2 damage)
             ... on level 6 of the Dungeon.
             The game lasted 00:13:31 (7940 turns).

MelsaHvarei the Spear-Bearer (MfAK)                 Turns: 7940, Time: 00:13:32

Health: -1/64      AC:  6    Str: 14    XL:     8   Next: 50%
Magic:  11/12      EV: 13    Int: 11    God:    Lugonu [***...]
Gold:   229        SH:  0    Dex: 14    Spells: 7/7 levels left

rFire    + . .     SeeInvis .   a - +2 spear
rCold    . . .     Gourm    .   (no shield)
rNeg     . . .     Faith    .   b - +0 leather armour
rPois    .         Spirit   .   o - +1 hat
rElec    .         Reflect  .   (no cloak)
rCorr    .         Harm     .   (no gloves)
MR       .....                  k - +1 pair of boots
Stlth    +.........             (no amulet)
HPRegen  0.20/turn              j - ring of protection from fire
MPRegen  0.13/turn              q - ring of flight

@: heavily drained
A: change form in water, swift swim, stealthy swim
a: Depart the Abyss, Bend Space, Banish, Renounce Religion, Evoke Flight


You were on level 6 of the Dungeon.
You worshipped Lugonu.
Lugonu was most pleased with you.
You were not hungry.

You visited 1 branch of the dungeon, and saw 6 of its levels.
You visited the Abyss 1 time.

You collected 229 gold pieces.

Inventory:

Hand Weapons
 a - a +2 spear (weapon)
Armour
 b - a +0 leather armour (worn)
 k - a +1 pair of boots (worn)
 o - a +1 hat (worn)
Magical Staves
 n - an uncursed staff of air {unknown}
Jewellery
 j - a ring of protection from fire (left hand)
 q - a ring of flight (right hand)
Wands
 e - a wand of iceblast (8)
Scrolls
 g - 3 scrolls of remove curse
Potions
 d - a potion of mutation
 f - a potion of brilliance
 h - 4 potions of curing
Comestibles
 c - 8 rations
 i - 2 chunks of flesh


   Skills:
 - Level 6.0(3.0) Fighting
 - Level 8.0(4.8) Polearms
 - Level 0.6(0.0) Armour
 - Level 6.0(3.0) Dodging
 + Level 6.6(3.5) Invocations


You had 7 spell levels left.
You didn't know any spells.
Your spell library was empty.

Dungeon Overview and Level Annotations

Branches:
Dungeon (6/15)
 Temple: D:4-7

Altars:
Elyvilon
Fedhas
Gozag
Makhleb
Okawaru
Ru
Trog
Xom

Annotations:
D:4 3 runed translucent doors, Kenran's ghost, amateur VSAs
D:6 Prince Ribbit


Message History

You are held in a net!
You struggle against the net.
The orc hits you with a +1 flail of holy wrath!
The gnoll hits you from afar with a +0 spear!
You struggle against the net.
The centaur shoots an arrow.
The arrow hits you. The orc barely misses you.
The centaur shoots an arrow.
The arrow closely misses you. The gnoll barely misses you.
You shred the net and break free! The gnoll hits you with a +0 whip.
* * * LOW HITPOINT WARNING * * *
The gnoll closely misses you.
The orc hits you with a +1 flail of holy wrath.
* * * LOW HITPOINT WARNING * * *
Prince Ribbit hits you but does no damage.
The gnoll misses you.
Okay, then.
Space bends around you!
You blink.
The centaur shoots an arrow.
The arrow hits you!
* * * LOW HITPOINT WARNING * * *
The orc throws an exploding tomahawk.
The exploding tomahawk hits you.
You die...

#. .# #. .
.######.#.. .....#...
..##....# #
##.......###.###....
##.....[.............
.....#...@...<.......
#..[..............
####.#.go.c.......
#<#.o.gg.......
#.#...g.o...#
###...F§....#
####(####.# #.# #.


You could see Prince Ribbit, a centaur, a gnoll shaman, 3 gnolls and 3 orcs.

Vanquished Creatures
  Edmund (D:5)
  A centaur (D:5)
  A big kobold (D:5)
  A bullfrog (D:5)
  3 wights (D:5)
  5 crimson imps (D:5)
  A bullfrog zombie (D:5)
  2 bullfrog skeletons
  3 hounds (D:4)
  3 orc wizards
  An orc priest (D:4)
  An iguana (D:4)
  Ijyb (D:5)
  A worker ant (D:4)
  A hound skeleton (D:5)
  A worker ant zombie (D:5)
  4 gnolls (D:5)
  7 adders
  An ooze (D:2)
  An adder zombie (D:5)
  3 worms
  2 dart slugs (D:2)
  2 leopard geckos
  16 orcs
  4 giant cockroaches
  7 goblins
  5 hobgoblins
  7 jackals
  3 quokkas
  8 bats
  5 frilled lizards
  14 kobolds
  10 rats
126 creatures vanquished.

Notes
Turn   | Place    | Note
-------+----------+-------------------------------------------
     0 | Abyss:1  | MelsaHvarei the Merfolk Abyssal Knight began the quest for
                  | the Orb.
     0 | Abyss:1  | Reached XP level 1. HP: 18/18 MP: 2/2
    99 | D:1      | Escaped the Abyss
   395 | D:1      | Reached * piety under Lugonu
   476 | D:1      | Reached XP level 2. HP: 24/24 MP: 3/3
  1088 | D:1      | Reached skill level 4 in Polearms
  1088 | D:1      | Reached XP level 3. HP: 5/29 MP: 4/4
  1786 | D:2      | Reached XP level 4. HP: 35/35 MP: 5/5
  1951 | D:2      | Reached skill level 5 in Polearms
  2355 | D:2      | Reached ** piety under Lugonu
  2373 | D:2      | Found a bloodstained altar of Trog.
  2378 | D:2      | Found an iron altar of Okawaru.
  2531 | D:2      | Reached skill level 5 in Dodging
  2535 | D:2      | Reached XP level 5. HP: 12/41 MP: 6/6
  3045 | D:3      | Found a sacrificial altar of Ru.
  3307 | D:3      | Reached skill level 6 in Polearms
  3565 | D:4      | Found a white marble altar of Elyvilon.
  3709 | D:4      | Reached XP level 6. HP: 33/47 MP: 7/7
  4040 | D:4      | Found a burning altar of Makhleb.
  4246 | D:4      | Reached skill level 7 in Polearms
  4549 | D:4      | Found a runed translucent gate.
  4549 | D:4      | Found a runed translucent gate.
  4549 | D:4      | Found an opulent altar of Gozag.
  4549 | D:4      | Found a runed translucent gate.
  4551 | D:4      | Noticed Kenran's ghost (amateur VSAs)
  4623 | D:4      | Reached skill level 8 in Polearms
  5140 | D:5      | Entered Level 5 of the Dungeon
  5268 | D:5      | Found a shimmering altar of Xom.
  5305 | D:5      | Reached XP level 7. HP: 53/53 MP: 8/8
  5308 | D:5      | Paralysed by a crimson imp for 6 turns
  6465 | D:5      | Reached skill level 5 in Fighting
  6638 | D:5      | Noticed Prince Ribbit
  6801 | D:5      | Noticed Edmund
  6814 | D:5      | Killed Edmund
  6814 | D:5      | Reached XP level 8. HP: 50/63 MP: 11/11
  6876 | D:5      | Noticed Ijyb
  6898 | D:5      | Killed Ijyb
  6932 | D:5      | Reached skill level 5 in Invocations
  6942 | D:5      | Found a blossoming altar of Fedhas.
  7247 | D:5      | Reached *** piety under Lugonu
  7940 | D:6      | HP: 1/64 [centaur/arrow (10)]
  7940 | D:6      | Hit by an exploding tomahawk thrown by an orc

Skill      XL: |  1  2  3  4  5  6  7  8 |
---------------+-------------------------+-----
Dodging        | 3 4 5 6 |  6.0
Polearms       | 4 5 6 8 |  8.0
Fighting       | 5 6 |  6.0
Invocations    | 4 6 |  6.6
Armour         | |  0.6

Action                   |  1- 3 |  4- 6 |  7- 9 || total
-------------------------+-------+-------+-------++-------
Melee: Spear             |   138 |   302 |   299 ||   739
       Halberd           |       |       |    26 ||    26
Invok: Depart the Abyss  |     1 |       |       ||     1
       Bend Space        |       |       |     4 ||     4
  Use: Scroll            |     1 |     5 |     9 ||    15
       Potion            |     1 |       |     7 ||     8
 Stab: Sleeping          |     2 |     1 |       ||     3
  Eat: Chunk             |     3 |    10 |     4 ||    17
       Ration            |       |       |     2 ||     2
Armor: Leather armour    |    22 |    54 |    46 ||   122
Dodge: Dodged            |    78 |   146 |   176 ||   400
